TOP OF THE 1ST |
Lancaster Farmers batting - Pitching for Yakima Hops : RHP Curt Tate
|
Pitching: RHP Curt Tate
|
|
Batting: SHB Orlando Miranda
|
0-0: Ball 1-0: Called Strike 1-1: Ball 2-1: SINGLE (Groundball, 4MD)
|
Batting: RHB Domenic Gallard
|
0-0: Ball 1-0: Ball 2-0: Foul Ball, location: 2F 2-1: Called Strike 2-2: Foul Ball, location: 2F 2-2: Ball 3-2: Strikes out swinging
|
Batting: RHB Ricardo Pacheco
|
0-0: Fly out, F7 (Flyball, 7LM)
|
Batting: LHB Rob Wilson
|
0-0: Ball 1-0: Ball 2-0: Ball 3-0: Called Strike 3-1: Foul Ball, location: 2F 3-2: Strikes out swinging
|
Top of the 1st over - 0 run(s), 1 hit(s), 0 error(s), 1 left on base; Lancaster 0 - Yakima 0 |
BOTTOM OF THE 1ST |
Yakima Hops batting - Pitching for Lancaster Farmers : RHP Steve Brown
|
Pitching: RHP Steve Brown
|
|
Batting: RHB Mariano Sánchez
|
0-0: Ball 1-0: Foul Ball, location: 2F 1-1: Foul Ball, location: 2F 1-2: Foul Ball, location: 2F 1-2: Ball 2-2: Foul Ball, location: 2F 2-2: Ball 3-2: Ground out 5-3 (Groundball, 5)
|
Batting: RHB Júlio Molina
|
0-0: Called Strike 0-1: Ground out 6-3 (Groundball, 6M)
|
Batting: RHB Abraham Jacobs
|
0-0: Fly out, F9 (Flyball, 89M)
|
Bottom of the 1st over - 0 run(s), 0 hit(s), 0 error(s), 0 left on base; Lancaster 0 - Yakima 0 |
TOP OF THE 2ND |
Lancaster Farmers batting - Pitching for Yakima Hops : RHP Curt Tate
|
Batting: RHB Barkley B. Cooltimes
|
0-0: Called Strike 0-1: Ball 1-1: Ball 2-1: DOUBLE (Line Drive, 7LM)
|
Batting: RHB António Jiménez
|
0-0: Ball 1-0: Ball 2-0: Foul Ball, location: 2F 2-1: Foul Ball, location: 2F 2-2: Ball 3-2: Base on Balls
|
Batting: LHB Ramón Gómez
|
0-0: Ball 1-0: Foul Ball, location: 2F 1-1: Foul Ball, location: 2F 1-2: Foul Ball, location: 2F 1-2: Foul Ball, location: 2F 1-2: Fly out, F7 (Flyball, 7M)
|
Batting: LHB Brad Tillman
|
0-0: Called Strike 0-1: Swinging Strike 0-2: Strikes out swinging
|
Batting: RHB António Gonzáles
|
0-0: Ball 1-0: Called Strike 1-1: Ball 2-1: Ball 3-1: Foul Ball, location: 2F 3-2: Strikes out swinging
|
Top of the 2nd over - 0 run(s), 1 hit(s), 0 error(s), 2 left on base; Lancaster 0 - Yakima 0 |
BOTTOM OF THE 2ND |
Yakima Hops batting - Pitching for Lancaster Farmers : RHP Steve Brown
|
Batting: SHB Albert Sánchez
|
0-0: Called Strike 0-1: Ball 1-1: Swinging Strike 1-2: Strikes out swinging
|
Batting: SHB Esteban Lugo
|
0-0: Fly out, F7 (Popup, 7LS)
|
Batting: RHB Ricardo Téllez
|
0-0: Ball 1-0: Called Strike 1-1: Swinging Strike 1-2: Strikes out swinging
|
Bottom of the 2nd over - 0 run(s), 0 hit(s), 0 error(s), 0 left on base; Lancaster 0 - Yakima 0 |
TOP OF THE 3RD |
Lancaster Farmers batting - Pitching for Yakima Hops : RHP Curt Tate
|
Batting: SHB Orlando Miranda
|
0-0: Ball 1-0: Swinging Strike 1-1: Fly out, F9 (Line Drive, 89M)
|
Batting: RHB Domenic Gallard
|
0-0: Foul Ball, location: 2F 0-1: Foul Ball, location: 2F 0-2: Ball 1-2: Ball 2-2: Strikes out swinging
|
Batting: RHB Ricardo Pacheco
|
0-0: Called Strike 0-1: Ball 1-1: Ball 2-1: Fly out, F8 (Flyball, 8LM)
|
Top of the 3rd over - 0 run(s), 0 hit(s), 0 error(s), 0 left on base; Lancaster 0 - Yakima 0 |
BOTTOM OF THE 3RD |
Yakima Hops batting - Pitching for Lancaster Farmers : RHP Steve Brown
|
Batting: RHB Jock Semple
|
0-0: Called Strike 0-1: Ground out 5-3 (Groundball, 5)
|
Batting: RHB Edgar García
|
0-0: Foul Ball, location: 2F 0-1: Ball 1-1: Called Strike 1-2: Ball 2-2: Ground out 5-3 (Groundball, 5S)
|
Batting: RHB Manuel Martínez
|
0-0: Ball 1-0: Ball 2-0: Called Strike 2-1: Ball 3-1: Called Strike 3-2: Foul Ball, location: 2F 3-2: Strikes out swinging
|
Bottom of the 3rd over - 0 run(s), 0 hit(s), 0 error(s), 0 left on base; Lancaster 0 - Yakima 0 |
TOP OF THE 4TH |
Lancaster Farmers batting - Pitching for Yakima Hops : RHP Curt Tate
|
Batting: LHB Rob Wilson
|
0-0: Ball 1-0: Swinging Strike 1-1: Foul Ball, location: 2F 1-2: Foul Ball, location: 2F 1-2: Strikes out swinging
|
Batting: RHB Barkley B. Cooltimes
|
0-0: Ball 1-0: SINGLE (Line Drive, 4D)
|
Batting: RHB António Jiménez
|
0-0: DOUBLE (Line Drive, 3L) Barkley B. Cooltimes to third
|
Batting: LHB Ramón Gómez
|
0-0: Foul Ball, location: 2F 0-1: Fly out, F7 (Flyball, 78D) Runner from 3rd tags up, SCORES, no throw
|
Now in LF: Mike Brown
|
|
Batting: LHB Brad Tillman
|
0-0: Ball 1-0: Fly out, F8 (Flyball, 8LM)
|
Top of the 4th over - 1 run(s), 2 hit(s), 0 error(s), 1 left on base; Lancaster 1 - Yakima 0 |
BOTTOM OF THE 4TH |
Yakima Hops batting - Pitching for Lancaster Farmers : RHP Steve Brown
|
Batting: RHB Mariano Sánchez
|
0-0: Ball 1-0: Called Strike 1-1: Swinging Strike 1-2: Foul Ball, location: 2F 1-2: Ball 2-2: SINGLE (Line Drive, 56)
|
Batting: RHB Mike Brown
|
Balk! Mariano Sánchez to second 0-0: Ball 1-0: Ball 2-0: Ball 3-0: Base on Balls
|
Batting: RHB Abraham Jacobs
|
0-0: Called Strike 0-1: Ball 1-1: Ball 2-1: Swinging Strike 2-2: Ball 3-2: SINGLE (Flyball, 8RM) Mariano Sánchez to third Mike Brown to second Runner from 3rd tries for Home, SAFE, no throw or cutoff
|
Batting: SHB Albert Sánchez
|
0-0: Ball 1-0: Ground out 4-3 (Groundball, 4M) Mike Brown to third Abraham Jacobs to second
|
Batting: SHB Esteban Lugo
|
0-0: Called Strike 0-1: Ball 1-1: Called Strike 1-2: Foul Ball, location: 2F 1-2: Fly out, F9 (Flyball, 89M) Runner from 3rd tags up, SCORES, throw made
|
Batting: RHB Ricardo Téllez
|
0-0: Called Strike 0-1: Ball 1-1: Ball 2-1: Ball 3-1: Ground out 6-3 (Groundball, 6)
|
Bottom of the 4th over - 2 run(s), 2 hit(s), 0 error(s), 1 left on base; Lancaster 1 - Yakima 2 |
TOP OF THE 5TH |
Lancaster Farmers batting - Pitching for Yakima Hops : RHP Curt Tate
|
Batting: RHB António Gonzáles
|
0-0: Ball 1-0: Ball 2-0: Called Strike 2-1: Fly out, F3 (Popup, 23F)
|
Batting: SHB Orlando Miranda
|
0-0: Foul Ball, location: 2F 0-1: Ground out 4-3 (Groundball, 4)
|
Batting: RHB Domenic Gallard
|
0-0: Ball 1-0: Ball 2-0: Ball 3-0: Called Strike 3-1: Called Strike 3-2: Base on Balls
|
Batting: RHB Ricardo Pacheco
|
0-0: Foul Ball, location: 2F 0-1: Fly out, F4 (Line Drive, 4M)
|
Top of the 5th over - 0 run(s), 0 hit(s), 0 error(s), 1 left on base; Lancaster 1 - Yakima 2 |
BOTTOM OF THE 5TH |
Yakima Hops batting - Pitching for Lancaster Farmers : RHP Steve Brown
|
Batting: RHB Jock Semple
|
0-0: Foul Ball, location: 2F 0-1: Fly out, F9 (Flyball, 89M)
|
Batting: RHB Edgar García
|
0-0: Ball 1-0: DOUBLE (Flyball, 8LXD)
|
Batting: RHB Manuel Martínez
|
0-0: Called Strike 0-1: Ball 1-1: Ball 2-1: Swinging Strike 2-2: Strikes out looking
|
Batting: RHB Mariano Sánchez
|
0-0: Called Strike 0-1: Fly out, F2 (Popup, 2RF)
|
Bottom of the 5th over - 0 run(s), 1 hit(s), 0 error(s), 1 left on base; Lancaster 1 - Yakima 2 |
TOP OF THE 6TH |
Lancaster Farmers batting - Pitching for Yakima Hops : RHP Curt Tate
|
Batting: LHB Rob Wilson
|
0-0: Called Strike 0-1: Fly out, F7 (Popup, 7LS)
|
Batting: RHB Barkley B. Cooltimes
|
0-0: Called Strike 0-1: Foul Ball, location: 2F 0-2: Strikes out swinging
|
Batting: RHB António Jiménez
|
0-0: Called Strike 0-1: Ball 1-1: Ball 2-1: Ball 3-1: Called Strike 3-2: Fly out, F4 (Popup, 4M)
|
Top of the 6th over - 0 run(s), 0 hit(s), 0 error(s), 0 left on base; Lancaster 1 - Yakima 2 |
BOTTOM OF THE 6TH |
Yakima Hops batting - Pitching for Lancaster Farmers : RHP Steve Brown
|
Batting: RHB Mike Brown
|
0-0: Called Strike 0-1: Called Strike 0-2: Foul Ball, location: 2F 0-2: Foul Ball, location: 2F 0-2: Strikes out swinging
|
Batting: RHB Abraham Jacobs
|
0-0: Ground out 4-3 (Groundball, 4M)
|
Batting: SHB Albert Sánchez
|
0-0: Ball 1-0: Called Strike 1-1: Ball 2-1: Foul Ball, location: 2F 2-2: Foul Ball, location: 2F 2-2: Ball 3-2: Base on Balls
|
Batting: SHB Esteban Lugo
|
0-0: Ball 1-0: Called Strike 1-1: Ball 2-1: Foul Ball, location: 2F 2-2: Fly out, F9 (Flyball, 9M)
|
Bottom of the 6th over - 0 run(s), 0 hit(s), 0 error(s), 1 left on base; Lancaster 1 - Yakima 2 |
TOP OF THE 7TH |
Lancaster Farmers batting - Pitching for Yakima Hops : RHP Curt Tate
|
Batting: LHB Ramón Gómez
|
0-0: Ground out 6-3 (Groundball, 6)
|
Batting: LHB Brad Tillman
|
0-0: Called Strike 0-1: Called Strike 0-2: SINGLE (Line Drive, 9LS)
|
Batting: RHB António Gonzáles
|
0-0: Called Strike 0-1: Ball 1-1: Foul Ball, location: 2F 1-2: Strikes out swinging
|
Pitching: LHP Cisco Flores
|
|
Pinch Hitting: RHB Albert Díaz
|
0-0: Ball 1-0: Foul Ball, location: 2F 1-1: Called Strike 1-2: Ball 2-2: Foul Ball, location: 2F 2-2: Fly out, F9 (Flyball, 9M)
|
Top of the 7th over - 0 run(s), 1 hit(s), 0 error(s), 1 left on base; Lancaster 1 - Yakima 2 |
BOTTOM OF THE 7TH |
Yakima Hops batting - Pitching for Lancaster Farmers : RHP Steve Brown
|
Now at SS: Albert Díaz
|
|
Batting: RHB Ricardo Téllez
|
0-0: Called Strike 0-1: Called Strike 0-2: Foul Ball, location: 2F 0-2: Ball 1-2: Strikes out swinging
|
Batting: RHB Jock Semple
|
0-0: Ball 1-0: Called Strike 1-1: Foul Ball, location: 2F 1-2: Ball 2-2: Strikes out swinging
|
Batting: RHB Edgar García
|
0-0: Ball 1-0: Foul Ball, location: 2F 1-1: Swinging Strike 1-2: Foul Ball, location: 2F 1-2: Strikes out looking
|
Bottom of the 7th over - 0 run(s), 0 hit(s), 0 error(s), 0 left on base; Lancaster 1 - Yakima 2 |
TOP OF THE 8TH |
Lancaster Farmers batting - Pitching for Yakima Hops : LHP Cisco Flores
|
Pitching: RHP Jim Unknown
|
|
Batting: RHB Domenic Gallard
|
0-0: Swinging Strike 0-1: Ball 1-1: Ground out U3 (Groundball, 3)
|
Batting: RHB Ricardo Pacheco
|
0-0: SINGLE (Groundball, 6MD)
|
Pitching: LHP Cristo Perales
|
|
Pinch Hitting: RHB Rodrigo Velasco
|
0-0: Swinging Strike 0-1: Ball 1-1: Ball 2-1: Ball 3-1: Base on Balls Ricardo Pacheco to second
|
Batting: RHB Barkley B. Cooltimes
|
0-0: Called Strike 0-1: Called Strike 0-2: DOUBLE (Line Drive, 7LM) Ricardo Pacheco scores Rodrigo Velasco to third
|
Batting: RHB António Jiménez
|
0-0: Intentional Walk
|
Pinch Hitting: RHB Carl Bryant
|
0-0: Ball 1-0: Fly out, F9 (Flyball, 89M) Runner from 3rd tags up, SCORES, throw made
|
Batting: LHB Brad Tillman
|
0-0: Called Strike 0-1: Fly out, F8 (Line Drive, 8LM)
|
Top of the 8th over - 2 run(s), 2 hit(s), 0 error(s), 2 left on base; Lancaster 3 - Yakima 2 |
BOTTOM OF THE 8TH |
Yakima Hops batting - Pitching for Lancaster Farmers : RHP Steve Brown
|
Pitching: LHP António Torrez
|
|
Now at 2B: Eric Howard
|
|
Now in CF: Carl Bryant
|
|
Now in RF: Janghyun Sam
|
|
Batting: RHB Manuel Martínez
|
0-0: Foul Ball, location: 2F 0-1: Swinging Strike 0-2: Ground out 5-3 (Groundball, 56S)
|
Pitching: LHP Sergio Cruz
|
|
Batting: RHB Mariano Sánchez
|
0-0: Ground out 1-3 (Groundball, 15)
|
Pitching: RHP Rubén Madrid
|
|
Batting: RHB Mike Brown
|
0-0: Called Strike 0-1: Ball 1-1: Ball 2-1: Ground out 5-3 (Groundball, 5)
|
Bottom of the 8th over - 0 run(s), 0 hit(s), 0 error(s), 0 left on base; Lancaster 3 - Yakima 2 |
TOP OF THE 9TH |
Lancaster Farmers batting - Pitching for Yakima Hops : LHP Cristo Perales
|
Pitching: RHP Gil Brown
|
|
Batting: RHB António Gonzáles
|
0-0: Ball 1-0: Swinging Strike 1-1: Ball 2-1: Swinging Strike 2-2: Strikes out looking
|
Pitching: LHP Jim Unknown
|
|
Batting: RHB Albert Díaz
|
0-0: TRIPLE (Line Drive, 8LXD)
|
Batting: RHB Domenic Gallard
|
0-0: Ball 1-0: Ball 2-0: Fly out, F8 (Flyball, 8LM) Runner from 3rd tags up, SCORES, no throw
|
Batting: RHB Ricardo Pacheco
|
0-0: SINGLE (Groundball, 4M)
|
Batting: SHB Janghyun Sam
|
0-0: Ball 1-0: Ball 2-0: SINGLE (Groundball, 56D) Ricardo Pacheco to second
|
Batting: RHB Eric Howard
|
0-0: Called Strike 0-1: Ball 1-1: Foul Ball, location: 2F 1-2: Fly out, F9 (Flyball, 89S)
|
Top of the 9th over - 1 run(s), 3 hit(s), 0 error(s), 2 left on base; Lancaster 4 - Yakima 2 |
BOTTOM OF THE 9TH |
Yakima Hops batting - Pitching for Lancaster Farmers : RHP Rubén Madrid
|
Pitching: RHP Kyle Lucas
|
|
Batting: RHB Abraham Jacobs
|
0-0: SINGLE (Groundball, 56D)
|
Batting: SHB Albert Sánchez
|
0-0: Called Strike 0-1: Ball 1-1: SINGLE (Groundball, 34D) Abraham Jacobs to second Runner from 2nd tries for 3rd, SAFE, no throw or cutoff
|
Pinch Hitting: LHB Miguel Juárez
|
0-0: SINGLE (Groundball, 25) (infield hit) Albert Sánchez to second
|
Pinch Hitting: LHB Chad Graves
|
0-0: Fly out, F8 (Flyball, 8LS)
|
Batting: RHB Jock Semple
|
0-0: Ball 1-0: Ball 2-0: Foul Ball, location: 2F 2-1: Called Strike 2-2: Ball 3-2: Base on Balls Abraham Jacobs scores Albert Sánchez to third Miguel Juárez to second
|
Batting: RHB Edgar García
|
0-0: Ball 1-0: Foul Ball, location: 2F 1-1: Foul Ball, location: 2F 1-2: GRAND SLAM HOME RUN (Flyball, 7D), Distance : 395 ft
|
|